 Dungeon Crawl Stone Soup version 0.31.0-1-g2c135a0 (webtiles) character file.

Game seed: 12832546180896225927

396 Kel the Cudgeller (level 6, -3/40 HPs)
             Began as a Gargoyle Berserker on Feb 10, 2024.
             Was a Priest of Trog.
             Killed from afar by an orc wizard (4 damage)
             ... with a puff of flame
             ... on level 4 of the Dungeon.
             The game lasted 00:05:18 (3058 turns).

Kel the Cudgeller (Gargoyle Berserker)              Turns: 3058, Time: 00:05:19

Health: -3/40      AC: 17    Str: 23    XL:     6   Next: 83%
Magic:  6/6        EV:  8    Int:  7    God:    Trog [***...]
Gold:   166        SH:  0    Dex:  9    Spells: 5/5 levels left

rFire   + . .        a - +0 mace
rCold   . . .        (no shield)
rNeg    + . .        i - +1 chain mail {rF+}
rPois   ∞            (no helmet)
rElec   +            (no cloak)
rCorr   .            j - +0 pair of gloves
SInv    .            r - +0 pair of boots
Will    .....        (no amulet) Stlth
                     s - +4 ring of slaying
HPRegen 0.26/turn    (no ring)
MPRegen 0.10/turn

%: no passive effects
@: on berserk cooldown, slowed, very slow
A: sickness immunity, AC +4, negative energy resistance 1, electricity
resistance, torment resistance 1, petrification resistance
a: Renounce Religion, Berserk, Trog's Hand


You were on level 4 of the Dungeon.
You worshipped Trog.
Trog was most pleased with you.
You visited 1 branch of the dungeon, and saw 4 of its levels.

You collected 166 gold pieces.

Inventory:

Hand Weapons
 a - a +0 mace (weapon)
Armour
 i - a +1 chain mail of fire resistance (worn)
 j - a +0 pair of gloves (worn)
 r - a +0 pair of boots (worn)
Jewellery
 s - a +4 ring of slaying (left hand)
 u - a ring of fire
Scrolls
 b - a scroll of silence {unknown}
 c - a scroll of teleportation {unknown}
 f - 2 scrolls of enchant armour {unknown}
 g - a scroll of revelation {unknown}
 h - 5 scrolls of poison {unknown}
 l - a scroll of torment {unknown}
 o - 3 scrolls of identify {unknown}
 p - a scroll of amnesia {unknown}
 q - a scroll of immolation {unknown}
Potions
 d - a potion of enlightenment {unknown}
 e - a potion of attraction {unknown}
 k - a potion of cancellation {unknown}
 m - a potion of brilliance {unknown}
 n - a potion of curing {unknown}
 t - a potion of ambrosia {unknown}


   Skills:
 + Level 4.9 Fighting
 * Level 5.6 Maces & Flails
 + Level 4.2 Armour
 - Level 1.5 Dodging


You had 5 spell levels left.
You didn't know any spells.
Your spell library was empty.

Dungeon Overview and Level Annotations

Branches:
Dungeon (4/15)
 Temple: D:4-7

Altars:

Shops:
D:2 :


Innate Abilities, Weirdness & Mutations

You are immune to sickness and miasma.
Your stone body is resilient. (AC +4)
You are immune to poison.
You resist negative energy. (rN+)
You are resistant to electric shocks. (rElec)
You are resistant to unholy torment.
You are immune to petrification.


Message History

The orc priest calls down the wrath of Beogh upon you.
Beogh smites you!
* * * LOW HITPOINT WARNING * * *
A red film seems to cover your vision as you go berserk!
You feel yourself moving faster!
You feel mighty! Something hits you but does no damage.
The orc priest hits you but does no damage.
You completely miss the orc priest.
The orc priest is severely wounded.
You closely miss the orc priest.
The orc priest is severely wounded.
The orc priest hits you with a +0 flail.
* * * LOW HITPOINT WARNING * * *
Something completely misses you.
You sock the orc priest!
You kill the orc priest!
Trog accepts your kill.
You hear some strange, mumbled words.
You are confused.
You're too confused to move!
You miss something. Something hits you but does no damage.
You're too confused to move!
Something hits you.
* * * LOW HITPOINT WARNING * * *
You're too confused to move!
You feel a strong urge to attack something.
Something hits you but does no damage.
You feel your anger nearly subside.
You are no longer berserk.
You are exhausted.
You feel yourself slow down. Something hits you but does no damage.
Things that are here:
a +0 hand axe; a +0 leather armour; an orc corpse
Okay, then.
You're too confused to move!
Something hits you.
* * * LOW HITPOINT WARNING * * *
You miss something.
You feel less confused.
You hear some strange, mumbled words.
A puff of flame appears from out of thin air!
The puff of flame hits you. You resist.
You die...

.####........ # ## .............
## .# #............ .## #.
##............ §.##
#.##.............
...#####................
≈...##...#............>.
≈≈..####........{..........#..
#≈...####......)@).........#.#
#≈...'.##............<.#.....
##...'.........)............. #
#≈...'.#........#..........# .
#≈...#.....##....#.........#####.
≈≈..##.....##................#...
§...####..####...................
...## ##.####..........##.#...<.
..## #...##.##.......##......#


There were no monsters in sight!

Vanquished Creatures
  Sigmund (D:3)
  An orc priest (D:4)
  An iguana (D:3)
  Natasha (D:2)
  An orc wizard (D:4)
  3 adders
  4 dart slugs
  2 ribbon worms (D:2)
  12 orcs
  8 endoplasms
  4 giant cockroaches
  4 goblins
  5 hobgoblins
  8 jackals
  6 kobolds
  3 quokkas
  2 ball pythons (D:2)
  3 bats
  15 frilled lizards
  7 rats
91 creatures vanquished.

Notes
Turn   | Place    | Note
-------+----------+-------------------------------------------
     0 | D:1      | Kel the Gargoyle Berserker began the quest for the Orb.
     0 | D:1      | Reached XP level 1. HP: 14/14 MP: 1/1
   212 | D:1      | Reached XP level 2. HP: 19/19 MP: 2/2
   485 | D:1      | Reached XP level 3. HP: 21/23 MP: 3/3
   765 | D:1      | Reached ** piety under Trog
  1337 | D:2      | Reached skill level 4 in Maces & Flails
  1337 | D:2      | Reached XP level 4. HP: 21/29 MP: 4/4
  1507 | D:2      | Noticed Natasha
  1520 | D:2      | Killed Natasha
  1707 | D:2      | Found Doiq's Book Emporium.
  2034 | D:3      | Reached XP level 5. HP: 33/33 MP: 5/5
  2055 | D:3      | Noticed Sigmund
  2076 | D:3      | Killed Sigmund
  2077 | D:3      | Reached skill level 5 in Maces & Flails
  2077 | D:3      | Reached XP level 6. HP: 27/39 MP: 6/6
  2150 | D:3      | Reached *** piety under Trog
  2553 | D:3      | Found a faded altar of an unknown god.
  3046 | D:4      | HP: 2/40 [orc priest/divine providence (11)]
  3053 | D:4      | HP: 1/60 [something (2)]
  3058 | D:4      | Killed from afar by an orc wizard

Illustrated notes

Levels and vault maps discovered:
D:1:      orjb1_clovarrival, layout_loops_ring, minmay_curled_crystal
D:2:      layout_basic, serial_shops, shop, uniq_natasha
D:3:      layout_basic, hellmonk_ecumenical_altar_slurped_away,
          hangedman_decor_opposing, minmay_lizard_king, uniq_sigmund
D:4:      layout_layer_cave, general_overflow_altar, okawaru_metal_pillars_1_2,
          kennysheep_donut, minmay_divided_ellipse

Skill      XL: |  1  2  3  4  5  6 |
---------------+-------------------+-----
Maces & Flails | 4 5 |  5.6
Armour         | 3 4 |  4.2
Fighting       | 4 |  4.9
Dodging        | |  1.5

Action                     |  1- 3 |  4- 6 || total
---------------------------+-------+-------++-------
  Melee: Mace              |   116 |   174 ||   290
         Punch             |     1 |     1 ||     2
 Invoke: Berserk           |       |     3 ||     3
 Armour: Leather armour    |     5 |       ||     5
         Animal skin       |     1 |       ||     1
         Scale mail        |    56 |       ||    56
         Chain mail        |    32 |   197 ||   229
  Dodge: Dodged            |    65 |   123 ||   188
